 Dungeon Crawl Stone Soup version 0.29.1-15-g9cfb28693d (webtiles) character file.

Game seed: 8456381138088825659

2884 firemarshallily the Covert (level 9, -5/62 HPs)
             Began as an Octopode Brigand on Mar 10, 2023.
             Was a Follower of Dithmenos.
             Slain by a two-headed ogre
             ... wielding a +0 giant club
              (13 damage)
             ... on level 8 of the Dungeon.
             The game lasted 00:19:34 (9305 turns).

firemarshallily the Covert (Octopode Brigand)       Turns: 9305, Time: 00:19:34

Health: -5/62      AC:  5    Str: 11    XL:     9   Next: 76%
Magic:  9/9        EV: 13    Int: 13    God:    Dithmenos [*.....]
Gold:   368        SH:  0    Dex: 17    Spells: 7/8 levels left

rFire   + . .      SeeInvis .   a - +5 dagger (flame)
rCold   . . .      Faith    +   (no shield)
rNeg    . . .      Spirit   .   (helmet restricted)
rPois   .          Reflect  .   x - amulet of faith
rElec   .          Harm     .   q - +4 ring of protection
rCorr   .          Rampage  .   l - ring of protection from fire
Will    +....                   A - ring of wizardry
Stlth   +++++++++.              (no ring)
HPRegen 0.20/turn               (no ring)
MPRegen 0.11/turn               (no ring)
                                (no ring)
                                (no ring)

@: wreathed by umbra, invisible
A: almost no armour, amphibious, 8 rings, camouflage 2, gelatinous body 1,
(nimble swimmer 1), tentacles, strong-willed 1
a: Renounce Religion


You were on level 8 of the Dungeon.
You worshipped Dithmenos.
Dithmenos was aware of your devotion.
You visited 2 branches of the dungeon, and saw 9 of its levels.
You also visited: Sewer.

You collected 368 gold pieces.

Inventory:

Hand Weapons
 a - a +5 dagger of flaming (weapon)
Missiles
 b - 12 poisoned darts (quivered)
 c - 12 curare-tipped darts
 e - 3 atropa-tipped darts
 i - 7 boomerangs
 k - 2 throwing nets
Jewellery
 l - a ring of protection from fire (right tentacle)
 q - a +4 ring of protection (left tentacle)
 x - an amulet of faith (around mantle)
 A - a ring of wizardry (on tentacle)
Wands
 v - a wand of flame (6)
 y - a wand of mindburst (14)
Scrolls
 d - 3 scrolls of fog
 j - 3 scrolls of teleportation
 o - a scroll of immolation
 t - a scroll of silence {unknown}
 B - a scroll of blinking {unknown}
 C - 2 scrolls of amnesia {unknown}
 D - a scroll of vulnerability {unknown}
 E - a scroll of noise {unknown}
Potions
 f - 2 potions of flight
 g - 2 potions of resistance
 h - a potion of haste {unknown}
 m - 2 potions of mutation
 n - a potion of lignification
 s - 2 potions of attraction {unknown}
 u - 2 potions of berserk rage
 w - 2 potions of curing {unknown}
 z - a potion of heal wounds {unknown}


   Skills:
 + Level 6.2 Fighting
 * Level 8.6 Short Blades
 - Level 2.0 Throwing
 - Level 1.0 Dodging
 * Level 12.8 Stealth


You had 7 spell levels left.
You knew the following spells:

 Your Spells              Type           Power      Damage    Failure   Level
a - Foxfire               Conj/Fire      0%         2x1d4     12%         1

Your spell library contained the following spells:

 Spells                   Type           Power      Damage    Failure   Level
 Beastly Appendage        Tmut           0%         N/A       12%         1
 Wereblood                Tmut           0%         N/A       19%         2
 Conjure Flame            Conj/Fire      0%         6-21      34%         3
 Inner Flame              Hex/Fire       0%         N/A       34%         3
 Spider Form              Tmut/Pois      0%         N/A       34%         3
 Flame Wave               Conj/Fire      0%         2d4       73%         4
 Fulminant Prism          Conj/Hex       0%         3d6       73%         4
 Iskenderun's Mystic Bla  Conj/Tloc      0%         2d3       73%         4
 Lee's Rapid Deconstruct  Erth           0%         3d5*      96%         5


Dungeon Overview and Level Annotations

Branches:
Dungeon (8/15)             Temple (1/1) D:6           Sewer (visited)
   Lair: D:8-11

Altars:
Ashenzari
Cheibriados
Dithmenos
Elyvilon
Fedhas
Gozag
Hepliaklqana
Nemelex Xobeh
Okawaru
Qazlal
Ru
Sif Muna
Trog
Vehumet
Wu Jian
Xom
Yredelemnul
Zin
The Shining One

Shops:
D:7 (

Annotations:
D:7 exclusions: 2 lemures, orc and orc priest, Pikel


Innate Abilities, Weirdness & Mutations

You cannot wear most types of armour.
You are amphibious.
You can wear up to eight rings at the same time.
Your skin blends seamlessly with your surroundings (Stealth++).
Your rubbery body absorbs attacks. (AC +1, EV +1)
((You are camouflaged when in or above water. (Stealth+)))
You have tentacles for arms and can constrict up to eight enemies at once.
You are strong-willed. (Will+)


Message History

The arrow barely misses you.
An orc comes into view. It is wielding a +0 flail.
The centaur shoots an arrow.
The arrow hits you.
The centaur shoots an arrow.
The arrow barely misses you.
You hear a croak.
You closely miss the centaur.
The two-headed ogre shouts in stereo!
You hit the centaur. You burn the centaur. You squeeze the centaur.
The centaur is heavily wounded.
The centaur unwields a +0 shortbow.
The centaur closely misses you. The centaur kicks you.
A bullfrog comes into view.
The bullfrog croaks.
You hit the centaur. You burn the centaur. You squeeze the centaur.
You kill the centaur!
Dithmenos accepts your kill.
You hit the two-headed ogre. You burn the two-headed ogre.
You squeeze the two-headed ogre, but do no damage.
The two-headed ogre is lightly wounded.
The two-headed ogre hits you with a +0 giant club!
The two-headed ogre completely misses you.
You barely miss the two-headed ogre.
The two-headed ogre is lightly wounded.
You barely miss the two-headed ogre.
Your squeeze misses the two-headed ogre.
The two-headed ogre is lightly wounded.
You hit the two-headed ogre. You burn the two-headed ogre.
You squeeze the two-headed ogre!
The two-headed ogre is heavily wounded.
The two-headed ogre hits you with a +0 giant club!
The two-headed ogre hits you with a +0 giant spiked club!!
* * * LOW HITPOINT WARNING * * *
As you read the scroll labelled UXON HUPAOQUE, it crumbles to dust.
Wisps of shadow whirl around you...
It was a scroll of summoning.
The orc hits you but does no damage.
You fade into invisibility!
An orc comes into view. It is wielding a +0 hand axe.
The orc closely misses you. The two-headed ogre barely misses you.
The two-headed ogre hits you with a +0 giant spiked club!
You die...

.......<..............≈
..####........>.......≈
.# ##..............#
#.....#####..####
##....### #..#.###...
#.......###..........
#....#........##.....
....##....##yS# #..
............@O##.
....#......yoF......
..........#o#.<.....
#.........#y#.......
#..####...#........o
... .....#..#...... ..
#........##.....
#.......#. .....
.........


You could see a two-headed ogre (unable to see you, ally target), a bullfrog
(unable to see you), 2 orcs, a friendly water moccasin (summoned), 3 friendly
killer bees and a friendly orc (summoned).

Vanquished Creatures
  Sigmund (D:5)
  A water moccasin (D:7)
  An ogre (D:4)
  4 sky beasts
  2 centaurs
  A phantom (D:6)
  3 necrophages
  3 bullfrogs
  2 gnoll sergeants
  A scorpion (D:5)
  5 wights
  3 killer bees (D:7)
  3 howler monkeys
  A jelly (D:8)
  2 hounds
  A gnoll bouda (D:7)
  3 orc priests
  8 iguanas
  2 orc wizards
  16 gnolls
  10 adders
  A shadow imp (D:5)
  3 worms
  3 dart slugs
  32 orcs
  11 ball pythons
  5 bats
  4 endoplasms
  7 giant cockroaches
  8 goblins
  5 hobgoblins
  7 jackals
  7 kobolds
  9 quokkas
  13 frilled lizards
  5 rats
193 creatures vanquished.

Vanquished Creatures (others)
  2 foxfires (D:7)
2 creatures vanquished.

Grand Total: 195 creatures vanquished

Notes
Turn   | Place    | Note
-------+----------+-------------------------------------------
     0 | D:1      | firemarshallily the Octopode Brigand began the quest for
                  | the Orb.
     0 | D:1      | Reached XP level 1. HP: 14/14 MP: 1/1
   154 | D:1      | Reached XP level 2. HP: 15/19 MP: 2/2
   550 | D:1      | Reached XP level 3. HP: 24/24 MP: 3/3
  1063 | D:2      | Reached skill level 6 in Stealth
  1553 | D:2      | Reached XP level 4. HP: 19/30 MP: 4/4
  2229 | D:3      | Found a faded altar of an unknown god.
  2339 | D:3      | Reached XP level 5. HP: 35/35 MP: 5/5
  2523 | D:3      | Reached skill level 7 in Stealth
  3261 | D:4      | Found a glowing drain.
  3271 | Sewer    | Entered a sewer
  3333 | Sewer    | Reached XP level 6. HP: 36/42 MP: 6/6
  3378 | Sewer    | Reached skill level 8 in Stealth
  3651 | D:4      | Reached XP level 7. HP: 11/47 MP: 7/7
  3949 | D:4      | Reached skill level 5 in Short Blades
  4376 | D:5      | Entered Level 5 of the Dungeon
  4422 | D:5      | Reached skill level 9 in Stealth
  5065 | D:5      | Reached XP level 8. HP: 39/54 MP: 8/8
  5531 | D:5      | Noticed Sigmund
  5538 | D:5      | Killed Sigmund
  5539 | D:5      | Reached skill level 10 in Stealth
  5899 | D:6      | Gained mutation: You are strong-willed. (Will+) [potion of
                  | mutation]
  5899 | D:6      | Gained mutation: Your skin blends seamlessly with your
                  | surroundings (Stealth++). [potion of mutation]
  6754 | D:6      | Found a shadowy altar of Dithmenos.
  6756 | D:6      | Found a blossoming altar of Fedhas.
  6784 | D:6      | Reached skill level 5 in Fighting
  6802 | D:6      | Reached skill level 11 in Stealth
  7194 | D:6      | Found a staircase to the Ecumenical Temple.
  7275 | D:6      | Reached XP level 9. HP: 46/61 MP: 9/9
  7285 | Temple   | Entered the Ecumenical Temple
  7472 | D:6      | Became a worshipper of Dithmenos the Shadowed
  8046 | D:7      | Learned a level 1 spell: Foxfire
  8408 | D:7      | Found Keef's Weapon Boutique.
  8409 | D:7      | Noticed Pikel
  8494 | D:7      | Found a shimmering altar of Xom.
  8512 | D:7      | Found a sacrificial altar of Ru.
  8519 | D:7      | Reached skill level 12 in Stealth
  9077 | D:7      | Reached * piety under Dithmenos
  9283 | D:8      | Noticed a two-headed ogre
  9305 | D:8      | Slain by a two-headed ogre

Illustrated notes

Levels and vault maps discovered:
D:1:      matt_arrival_grand_opening, layout_basic
D:2:      minmay_evil_eye, layout_basic, guppyfry_early_lair_pool
D:3:      layout_loops_corners, chequers_ecumenical_altar_island,
          supply_closet_lemuel
D:4:      layout_basic, portal_sewer_entry_d, minmay_misc_feat_iff,
          small_statue_intersection
D:5:      layout_basic, uniq_sigmund
D:6:      layout_loops_ring, mainiacjoe_overflow_catwalk_spiral,
          minmay_temple_entry_grid, minmay_misc_feat_ornament
D:7:      layout_loops_cross, lemuel_round_altar, mainiacjoe_overflow_24_doors,
          serial_shops, nicolae_shop_stone, uniq_pikel
D:8:      layout_cave_pools, lightli_temple_of_fire, water_boxes_lemuel
Temple:   hellmonk_temple_of_storms

Skill      XL: |  1  2  3  4  5  6  7  8  9 |
---------------+----------------------------+-----
Stealth        | 6 7 8 9 11 12 | 12.8
Short Blades   | 3 4 5 7 8 |  8.6
Fighting       | 3 4 5 6 |  6.2
Throwing       | |  2.0
Dodging        | |  1.0

Action                   |  1- 3 |  4- 6 |  7- 9 || total
-------------------------+-------+-------+-------++-------
Melee: Dagger            |    65 |   122 |   263 ||   450
       Constrict         |    17 |    29 |    46 ||    92
       Tentacles         |    12 |    21 |    68 ||   101
       Punch             |     2 |     1 |     5 ||     8
Throw: Dart              |       |       |     3 ||     3
 Cast: Foxfire           |       |       |     1 ||     1
  Use: Scroll            |       |     9 |     7 ||    16
       Potion            |       |       |     5 ||     5
 Stab: Sleeping          |     8 |    19 |    28 ||    55
       Invisible         |       |       |     3 ||     3
Armor: Skin              |     5 |    14 |    41 ||    60
Dodge: Dodged            |    24 |    42 |    85 ||   151
